 Dungeon Crawl Stone Soup version 0.20.0-1-g1cb1d84 (webtiles) character file.

2646 straycat the Ducker (level 9, -6/66 HPs)
             Began as a Vampire Wanderer on May 26, 2017.
             Was a Follower of Vehumet.
             Mangled by a two-headed ogre
             ... wielding a +0 giant club
              (19 damage)
             ... on level 7 of the Dungeon.
             The game lasted 01:30:27 (9458 turns).

straycat the Ducker (Vampire Wanderer)              Turns: 9458, Time: 01:30:27

Health: -6/66      AC: 10    Str: 14    XL:     9   Next: 36%
Magic:  13/13      EV: 27    Int: 16    God:    Vehumet [*.....]
Gold:   268        SH:  6    Dex: 21    Spells: 13/14 levels left

rFire    + . .     SeeInvis +   t - +2 short sword (flame)
rCold    + + .     Gourm    .   y - +0 buckler
rNeg     + + +     Faith    .   Q - +2 ring mail {rN+}
rPois    +         Spirit   .   (no helmet)
rElec    .         Reflect  .   o - scarf {rC+ rF+}
rCorr    .         Harm     .   w - +2 pair of gloves {archery}
MR       .....                  (no boots)
Stlth    ++++......             (no amulet)
Regen    0.1/turn               i - +6 ring of evasion
MPRegen  0.2/turn               T - +4 ring of strength

@: agile, very slightly contaminated, regenerating slowly
A: fangs 3, see invisible, unbreathing
a: Bat Form, Renounce Religion


You were on level 7 of the Dungeon.
You worshipped Vehumet.
Vehumet was aware of your devotion.
You were thirsty.

You visited 2 branches of the dungeon, and saw 8 of its levels.

You collected 268 gold pieces.

Inventory:

Hand Weapons
 c - a cursed -1 scimitar
 l - a +0 dagger of venom
 t - a +2 short sword of flaming (weapon)
 u - a +2 hunting sling of freezing
 C - a +0 blowgun
 H - a +0 halberd
 O - a +0 shortbow
 U - a +0 war axe
 V - a +1 flail of crushing
Missiles
 f - 158 arrows
 g - 204 stones
 h - 88 bolts
 B - 36 poisoned needles
 G - 2 javelins (quivered)
Armour
 k - a cursed +0 robe
 o - a scarf of resistance (worn)
 w - a +2 pair of gloves of archery (worn)
 y - a +0 buckler (worn)
 z - a +0 shield
 E - a +0 chain mail of fire resistance
 Q - a +2 ring mail of positive energy (worn)
Jewellery
 i - a +6 ring of evasion (left hand)
 T - a +4 ring of strength (right hand)
Wands
 F - a wand of digging (12/24)
 R - a wand of disintegration (19/24)
Scrolls
 p - 5 scrolls of enchant armour
 r - a scroll of identify
Potions
 d - a potion of lignification
 e - 11 potions of blood
 j - 2 potions of ambrosia {unknown}
 m - 3 potions of flight
 n - 4 potions of heal wounds {unknown}
 q - 3 potions of berserk rage
 v - a potion of degeneration {unknown}
 A - 2 potions of brilliance {unknown}
 J - 3 potions of haste {unknown}
 K - a potion of magic {unknown}
 P - a potion of agility
Books
 a - a Young Poisoner's Handbook

   Spells                             Type                      Level
   a - Sting                          Conjuration/Poison           1
   b - Poisonous Vapours              Poison/Air                   2
   c - Mephitic Cloud                 Conjuration/Poison/Air       3
   d - Olgreb's Toxic Radiance        Poison                       4
   e - Venom Bolt                     Conjuration/Poison           5
 L - a book of Flames

   Spells                             Type                      Level
   a - Flame Tongue                   Conjuration/Fire             1
   b - Throw Flame                    Conjuration/Fire             2
   c - Conjure Flame                  Conjuration/Fire             3
   d - Inner Flame                    Hexes/Fire                   3
   e - Sticky Flame                   Conjuration/Fire             4
   f - Fireball                       Conjuration/Fire             5


   Skills:
 + Level 4.5 Fighting
 - Level 7.0 Short Blades
 + Level 7.6 Dodging
 - Level 3.0 Stealth
 * Level 4.5 Shields
 + Level 4.2 Unarmed Combat
 - Level 3.0 Spellcasting
   Level 1.0 Ice Magic
   Level 2.0 Air Magic
   Level 1.0 Earth Magic
 - Level 1.0 Poison Magic


You had 13 spell levels left.
You knew the following spells:

 Your Spells              Type           Power        Failure   Level  Hunger
a - Sting                 Conj/Pois      #...         30%         1    #......


Dungeon Overview and Level Annotations

Branches:
Dungeon (7/15)             Temple (1/1) D:5

Altars:
Ashenzari
Cheibriados
Dithmenos
Elyvilon
Fedhas
Gozag
Hepliaklqana
Kikubaaqudgha
Makhleb
Nemelex Xobeh
Okawaru
Qazlal
Ru
Sif Muna
Trog
Uskayaw
Vehumet
Xom
Yredelemnul
Zin
The Shining One


Innate Abilities, Weirdness & Mutations

You heal slowly.
You have razor-sharp teeth.
You have supernaturally acute eyesight. (SInv)
You can survive without breathing.


Message History

* * * LOW HITPOINT WARNING * * *
The two-headed ogre misses you.
You hit the two-headed ogre. You burn the two-headed ogre.
The two-headed ogre is almost dead.
You hit the two-headed ogre. You burn the two-headed ogre.
The two-headed ogre is almost dead.
The two-headed ogre closely misses you. The two-headed ogre misses you.
You closely miss the two-headed ogre.
The two-headed ogre is almost dead.
The two-headed ogre hits you with a giant club!
* * * LOW HITPOINT WARNING * * *
You block the two-headed ogre's attack.
You feel better.
You feel agile all of a sudden. The two-headed ogre closely misses you.
The two-headed ogre completely misses you.
You hit the two-headed ogre. You burn the two-headed ogre.
The two-headed ogre is almost dead.
The two-headed ogre hits you with a giant club!!
You die...

####..### #.......#
#.#####.# # ##.##
##.[.##
##.###.....###
#............#
..###.O...#.#####.#
##@..##.<.....#
##.########### ...#
#####


You could see a two-headed ogre.

Vanquished Creatures
  Grinder (D:4)
  Duvessa (D:7)
  2 ice beasts (D:5)
  2 orc warriors (D:6)
  2 phantoms
  2 ogres (D:4)
  2 necrophages (D:6)
  A centaur (D:6)
  3 bullfrogs
  Dowan (D:7)
  3 scorpions
  2 howler monkeys (D:4)
  A bullfrog zombie (D:6)
  2 hounds
  4 orc priests
  2 iguanas (D:6)
  5 worker ants
  6 orc wizards
  A hound skeleton (D:4)
  A worker ant zombie (D:5)
  10 gnolls
  14 adders
  A shadow imp (D:6)
  3 oozes
  2 worms
  2 dart slugs
  6 leopard geckos
  11 orcs
  A ball python (D:2)
  9 bats
  8 giant cockroaches
  6 hobgoblins
  6 jackals
  2 quokkas
  6 frilled lizards
  9 goblins
  A jackal skeleton (D:4)
  14 kobolds
  A leopard gecko zombie (D:5)
  5 rats
  A plant (D:4)
162 creatures vanquished.

Vanquished Creatures (others)
  A quokka (D:4)
1 creature vanquished.

Grand Total: 163 creatures vanquished

Notes
Turn   | Place    | Note
-------+----------+-------------------------------------------
     0 | D:1      | straycat the Vampire Wanderer began the quest for the Orb.
     0 | D:1      | straycat set off with: a Young Poisoner's Handbook, a potion of curing, a +0 robe, a +0 dagger, a potion of blood
     0 | D:1      | Reached XP level 1. HP: 13/13 MP: 4/4
     4 | D:1      | Learned a level 1 spell: Sting
   657 | D:1      | Reached XP level 2. HP: 10/20 MP: 0/6
   892 | D:1      | Reached skill level 1 in Unarmed Combat
   909 | D:1      | Reached skill level 1 in Dodging
  1001 | D:1      | Reached skill level 1 in Fighting
  1633 | D:2      | Reached XP level 3. HP: 26/26 MP: 2/7
  2279 | D:2      | Reached XP level 4. HP: 32/32 MP: 0/8
  3492 | D:3      | Found a shattered altar of Ashenzari.
  3823 | D:3      | Reached skill level 1 in Short Blades
  3823 | D:3      | Reached XP level 5. HP: 33/37 MP: 9/9
  4610 | D:3      | Reached XP level 6. HP: 30/44 MP: 8/10
  5363 | D:4      | Reached skill level 1 in Shields
  5363 | D:4      | Reached XP level 7. HP: 51/51 MP: 8/11
  5481 | D:4      | Reached skill level 5 in Dodging
  5519 | D:4      | Found an opulent altar of Gozag.
  5579 | D:4      | Noticed Grinder
  5598 | D:4      | Killed Grinder
  5974 | D:4      | Found a white marble altar of Elyvilon.
  5984 | D:4      | Reached skill level 5 in Short Blades
  6016 | D:4      | Found a bloodstained altar of Trog.
  6106 | D:4      | Found an ancient bone altar of Kikubaaqudgha.
  6107 | D:4      | Found a sacrificial altar of Ru.
  6168 | D:4      | Reached XP level 8. HP: 55/58 MP: 6/12
  6422 | D:5      | Entered Level 5 of the Dungeon
  6456 | D:5      | Found a snail-covered altar of Cheibriados.
  7290 | D:5      | Found a staircase to the Ecumenical Temple.
  7296 | Temple   | Entered the Ecumenical Temple
  7526 | Temple   | Became a worshipper of Vehumet
  7857 | D:6      | Found a hazy altar of Hepliaklqana.
  7857 | D:6      | Found a stormy altar of Qazlal.
  8114 | D:6      | Found an iron altar of Okawaru.
  8114 | D:6      | Found a blossoming altar of Fedhas.
  8135 | D:6      | Found a bloodstained altar of Trog.
  8159 | D:6      | Reached XP level 9. HP: 13/65 MP: 10/13
  9140 | D:7      | Noticed Dowan
  9143 | D:7      | Noticed Duvessa
  9157 | D:7      | Killed Dowan
  9270 | D:7      | Killed Duvessa
  9270 | D:7      | Reached * piety under Vehumet
  9270 | D:7      | Offered knowledge of Freeze by Vehumet.
  9408 | D:7      | Noticed a two-headed ogre
  9458 | D:7      | Mangled by a two-headed ogre

Skill      XL: |  1  2  3  4  5  6  7  8  9 |
---------------+----------------------------+-----
Unarmed Combat | 2 3 4 |  4.2
Dodging        | 1 2 3 4 5 7 |  7.6
Fighting       | 1 2 3 4 |  4.5
Short Blades   | 1 2 3 5 7 |  7.0
Shields        | 1 3 4 |  4.5
Stealth        | |  3.0
Spellcasting   | |  3.0
Ice Magic      | |  1.0
Air Magic      | |  2.0
Earth Magic    | |  1.0
Poison Magic   | |  1.0

Action                   |  1- 3 |  4- 6 |  7- 9 || total
-------------------------+-------+-------+-------++-------
Melee: Unarmed           |   131 |    45 |    58 ||   234
       Bite              |    10 |    33 |    47 ||    90
       Punch             |     1 |     1 |       ||     2
       Short sword       |       |   177 |   334 ||   511
Throw: Stone             |    12 |    10 |       ||    22
       Javelin           |       |       |    17 ||    17
 Cast: Sting             |    72 |    31 |   112 ||   215
 Abil: End Transformatio |       |     1 |       ||     1
       Bat Form          |       |     1 |       ||     1
  Use: Potion            |     3 |     9 |    18 ||    30
       Scroll            |       |     5 |    11 ||    16
 Stab: Sleeping          |       |     2 |     1 ||     3
Armor: Robe              |     3 |       |       ||     3
       Ring mail         |    29 |    20 |    45 ||    94
Dodge: Dodged            |   143 |   109 |   273 ||   525
Block: Buckler           |       |    35 |    65 ||   100
